 Dungeon Crawl Stone Soup version 0.31-a0-876-gfe8ebadbca (webtiles) character file.

Game seed: 705099662450839852

6762 SmokeWeed the Covert (level 11, -6/74 HPs)
             Began as an Octopode Fighter on Oct 13, 2023.
             Was a Believer of Dithmenos.
             Mangled by a wraith (14 damage)
             ... on level 12 of the Dungeon.
             The game lasted 00:41:11 (9197 turns).

SmokeWeed the Covert (Octopode Fighter)             Turns: 9197, Time: 00:41:12

Health: -6/74      AC:  3    Str: 17    XL:     11   Next: 4%
Magic:  11/11      EV: 17    Int: 12    God:    Dithmenos [**....]
Gold:   426        SH:  6    Dex: 19    Spells: 10/10 levels left

rFire   . . .        f - +4 dagger (drain)
rCold   . . .        b - +0 buckler
rNeg    . . .        p - +2 hat
rPois   .            (no amulet)
rElec   .            h - ring of see invisible
rCorr   +            n - ring of resist corrosion
SInv    +            E - +6 ring of dexterity
Will    .....        (no ring)
Stlth   ++++++++     (no ring)
HPRegen 0.32/turn    (no ring)
MPRegen 0.12/turn    (no ring)
                     (no ring)

%: no passive effects
@: slowed, wreathed by umbra, very slow
A: almost no armour, amphibious, 8 rings, camouflage 1, gelatinous body 1,
(nimble swimmer 1), tentacles
a: Renounce Religion, Shadow Step


You were on level 12 of the Dungeon.
You worshipped Dithmenos.
Dithmenos was pleased with you.
You visited 2 branches of the dungeon, and saw 12 of its levels.
You also visited: Sewer and Ossuary.

You collected 647 gold pieces.
You spent 221 gold pieces at shops.

Inventory:

Hand Weapons
 a - a +0 long sword
 f - a +4 dagger of draining (weapon)
 g - a +0 flail of holy wrath
 q - a +1 mace of draining
 r - a +0 shortbow
 s - a +2 heavy hammer
 t - a +4 quarterstaff of chaos
 x - the +5 quarterstaff "Death Rattle" {elec, rC+}
   (You found it on level 7 of the Dungeon)

   rC+:       It protects you from cold.
 B - a +1 whip of electrocution
 H - a +2 hand cannon of flaming
Missiles
 l - 101 stones
 w - a curare-tipped dart (quivered)
 y - 10 boomerangs
 F - 3 poisoned darts
 J - 5 javelins
Armour
 b - a +0 buckler (worn)
 p - a +2 hat (worn)
Magical Staves
 m - a staff of cold
Jewellery
 h - a ring of see invisible (left tentacle)
 n - a ring of resist corrosion (right tentacle)
 E - a +6 ring of dexterity (on tentacle)
Talismans
 d - a beast talisman
 j - a maw talisman
Wands
 o - a wand of flame (4)
 K - a wand of roots (5)
Scrolls
 k - 2 scrolls of teleportation
 G - 3 scrolls of vulnerability
 I - 2 scrolls of poison
 M - a scroll of silence {unknown}
Potions
 c - 3 potions of might
 e - a potion of mutation
 i - 4 potions of curing
 u - 5 potions of magic
 v - a potion of cancellation
 z - 2 potions of invisibility
 A - 2 potions of haste
 C - a potion of attraction
 D - a potion of ambrosia
 L - a potion of berserk rage {unknown}
 N - a potion of lignification {unknown}


   Skills:
 + Level 6.5 Fighting
 + Level 3.9(4.5) Short Blades
 + Level 3.2(4.2) Long Blades
 + Level 3.0 Staves
 + Level 7.7 Ranged Weapons
 + Level 4.1 Throwing
 * Level 7.1 Dodging
 + Level 11.0 Stealth
 + Level 5.4 Shields
 + Level 1.4 Evocations


You had 10 spell levels left.
You didn't know any spells.
Your spell library contained the following spells:

 Spells                   Type           Power      Damage    Failure   Level
 Magic Dart               Conj           0%         1d3       38%         1
 Call Imp                 Summ           0%         N/A       52%         2
 Ensorcelled Hibernation  Hex/Ice        0%         N/A       52%         2
 Jinxbite                 Hex            0%         N/A       52%         2
 Searing Ray              Conj           0%         2d4       52%         2
 Mephitic Cloud           Conj/Pois/Air  0%         N/A       77%         3
 Anguish                  Hex/Necr       0%         N/A       99%         4
 Fulminant Prism          Conj/Hex       0%         3d5       99%         4
 Alistair's Intoxication  Tmut/Pois      0%         N/A       100%        5
 Borgnjor's Vile Clutch   Necr/Erth      0%         N/A       100%        5
 Eringya's Noxious Bog    Tmut/Pois      0%         4d6       100%        6


Dungeon Overview and Level Annotations

Branches:
Dungeon (12/15)            Temple (1/1) D:4            Lair (0/5) D:8
  Sewer (visited)         Ossuary (visited)
    Orc: D:9-12

Altars:
Ashenzari
Cheibriados
Dithmenos
Elyvilon
Fedhas
Gozag
Hepliaklqana
Kikubaaqudgha
Makhleb
Nemelex Xobeh
Okawaru
Qazlal
Ru
Trog
Uskayaw
Vehumet
Wu Jian
Xom
Yredelemnul
Zin
The Shining One

Shops:
D:8 (

Annotations:
D:5 2 runed translucent doors, QueensGambit's ghost, amateur MiDe


Innate Abilities, Weirdness & Mutations

You cannot wear most types of armour.
You are amphibious.
You can wear up to eight rings at the same time.
Your skin changes colour to match your surroundings (Stealth+).
Your rubbery body absorbs attacks. (AC +1, EV +1)
((You are camouflaged when in or above water. (Stealth+)))
You have tentacles for arms and can constrict up to eight enemies at once.


Message History

The wraith hits you but does no damage.
You hit the wraith but do no damage.
The wraith is severely damaged.
You block the wraith's attack. The wraith hits you!
* * * LOW HITPOINT WARNING * * *
You closely miss the wraith.
The wraith is severely damaged.
You block the wraith's attack.
You feel better. You block the wraith's attack.
You completely miss the wraith.
The wraith is severely damaged.
The wraith barely misses you.
You closely miss the wraith.
The wraith is severely damaged.
The wraith hits you!
* * * LOW HITPOINT WARNING * * *
The wraith drains your vigour!
You feel as though you will be slow longer.
You block the wraith's attack.
You feel better. The wraith hits you!
* * * LOW HITPOINT WARNING * * *
The wraith drains your vigour!
You feel as though you will be slow longer.
You feel better. The wraith hits you!
* * * LOW HITPOINT WARNING * * *
The wraith closely misses you.
You hit the wraith but do no damage.
The wraith is severely damaged.
The wraith completely misses you.
You hit the wraith but do no damage.
You squeeze the wraith, but do no damage.
The wraith is severely damaged.
The wraith completely misses you.
You hit the wraith but do no damage.
The wraith is severely damaged.
The wraith barely misses you.
You hit the wraith but do no damage. Your squeeze misses the wraith.
The wraith is severely damaged.
The wraith hits you!
You die...

...## #...######
.......>^#########
#...<.....YYYY.†.#
##)......# #.#
#........# #.#
#........# #.#
#........# #†#
#........
#@#########
##......[.
#.W.......#####
.......##.
#######.......#
#####.## #.......#
.......# #.......#
#####<.#
###.......# #
###..# .#
...........# #
#$...##.###
###........# #
#~P♣~P♣~~~###
#.....)..####


You could see a wraith.

Vanquished Creatures
  A two-headed ogre (D:12)
  A deep elf pyromancer (D:12)
  A manticore (D:12)
  A cyclops (D:12)
  A komodo dragon (D:11)
  Sigmund (D:6)
  A wraith (D:9)
  10 yaks
  Edmund (D:6)
  2 acid dragons
  A water moccasin (D:5)
  A black bear (D:4)
  2 ogres (D:5)
  A centaur (D:9)
  3 bullfrogs
  3 water moccasin zombies (Ossuary)
  5 scorpions
  4 wights (D:8)
  5 killer bees (D:8)
  4 electric eels (D:12)
  3 howler monkeys
  4 hounds
  A jelly (D:6)
  3 orc priests
  Crazy Yiuf (D:4)
  Jessica (D:2)
  An iguana (D:5)
  5 orc wizards
  A sleepcap (D:4)
  3 mummies
  12 adders
  7 gnolls
  2 river rats (D:3)
  4 white imps
  An ufetubus (D:5)
  7 adder zombies (Ossuary)
  32 orcs
  4 endoplasms
  12 giant cockroaches
  4 gnoll zombies (Ossuary)
  7 goblins
  6 hobgoblins
  4 jackals
  8 kobolds
  5 quokkas
  15 ball pythons
  5 bats (D:1)
  9 frilled lizards (Sewer)
  A goblin zombie (D:6)
  4 hobgoblin zombies (Ossuary)
  A kobold zombie (Ossuary)
  An orc zombie (D:6)
  6 rats
229 creatures vanquished.

Notes
Turn   | Place    | Note
-------+----------+-------------------------------------------
     0 | D:1      | SmokeWeed the Octopode Fighter began the quest for the Orb.
     0 | D:1      | Reached XP level 1. HP: 16/16 MP: 1/1
    96 | D:1      | Reached XP level 2. HP: 21/21 MP: 2/2
   267 | D:1      | Reached XP level 3. HP: 26/26 MP: 3/3
   595 | D:2      | Found a faded altar of an unknown god.
   618 | D:2      | Reached skill level 1 in Stealth
   669 | D:2      | Noticed Jessica
   675 | D:2      | Killed Jessica
   676 | D:2      | Reached XP level 4. HP: 20/31 MP: 4/4
  1153 | D:3      | Reached skill level 2 in Stealth
  1313 | D:3      | Found a glowing drain.
  1335 | D:3      | Reached XP level 5. HP: 22/36 MP: 5/5
  1349 | Sewer    | Entered a sewer
  1734 | Sewer    | Reached skill level 1 in Short Blades
  1734 | Sewer    | Reached skill level 1 in Throwing
  1734 | Sewer    | Reached skill level 3 in Stealth
  1734 | Sewer    | Reached XP level 6. HP: 17/43 MP: 6/6
  2363 | D:4      | Noticed a black bear
  2699 | D:4      | Killed a black bear
  2700 | D:4      | Reached XP level 7. HP: 48/48 MP: 7/7
  2732 | D:4      | Reached skill level 4 in Stealth
  2794 | D:4      | Found a staircase to the Ecumenical Temple.
  2861 | D:4      | Found a runed translucent door.
  2862 | D:4      | Noticed Crazy Yiuf
  2869 | D:4      | Killed Crazy Yiuf
  2984 | D:4      | Found an opulent altar of Gozag.
  2987 | D:4      | Found a stormy altar of Qazlal.
  3359 | D:4      | Found a hide-covered altar of Uskayaw.
  3366 | D:4      | Found a hazy altar of Hepliaklqana.
  3371 | D:4      | Found an ornate altar of the Wu Jian Council.
  3382 | D:4      | Found a blossoming altar of Fedhas.
  3389 | D:4      | Found a bloodstained altar of Trog.
  3395 | D:4      | Found an iron altar of Okawaru.
  3402 | D:4      | Found a sacrificial altar of Ru.
  3406 | D:4      | Reached skill level 5 in Stealth
  3478 | Temple   | Entered the Ecumenical Temple
  3493 | Temple   | Became a worshipper of Dithmenos the Shadowed
  3543 | D:5      | Entered Level 5 of the Dungeon
  3591 | D:5      | Reached skill level 1 in Staves
  3687 | D:5      | Reached XP level 8. HP: 43/54 MP: 8/8
  3730 | D:5      | Found a large runed translucent door.
  3730 | D:5      | Found a large runed translucent door.
  3734 | D:5      | Noticed QueensGambit's ghost (amateur MiDe)
  3844 | D:5      | Reached skill level 6 in Stealth
  4102 | D:5      | Reached skill level 7 in Stealth
  4292 | D:5      | Found a glowing silver altar of Zin.
  4292 | D:5      | Found a white marble altar of Elyvilon.
  4293 | D:5      | Found a glowing golden altar of the Shining One.
  4386 | D:5      | Found a sparkling altar of Nemelex Xobeh.
  4731 | D:6      | Noticed Edmund
  4741 | D:6      | Killed Edmund
  4838 | D:6      | Reached skill level 1 in Evocations
  4891 | D:6      | Noticed Sigmund
  4897 | D:6      | Killed Sigmund
  5011 | D:6      | Found a sand-covered staircase.
  5020 | Ossuary  | Entered an ossuary
  5025 | Ossuary  | Reached * piety under Dithmenos
  5038 | Ossuary  | Reached skill level 5 in Dodging
  5038 | Ossuary  | Reached skill level 8 in Stealth
  5038 | Ossuary  | Reached XP level 9. HP: 60/60 MP: 9/9
  5251 | D:6      | Reached skill level 5 in Shields
  5354 | D:7      | Identified the +5 quarterstaff "Death Rattle" {elec, rC+}
  5548 | D:7      | Reached skill level 5 in Fighting
  5785 | D:7      | Reached skill level 9 in Stealth
  6298 | D:8      | Reached ** piety under Dithmenos
  6890 | D:8      | Found Aqio's Antique Weapon Shop.
  6895 | D:8      | Bought a glowing hand cannon for 221 gold pieces
  6967 | D:8      | Reached skill level 1 in Ranged Weapons
  7307 | D:8      | Found a staircase to the Lair.
  7622 | D:9      | Reached XP level 10. HP: 27/68 MP: 10/10
  7809 | D:9      | You fall into a shaft and drop 2 floors!
  7948 | D:11     | Reached skill level 5 in Ranged Weapons
  8017 | D:11     | Reached skill level 10 in Stealth
  8587 | D:12     | Noticed a two-headed ogre
  8594 | D:12     | Killed a two-headed ogre
  8599 | D:12     | Noticed a gargoyle
  8637 | D:12     | Noticed a manticore
  8641 | D:12     | Killed a manticore
  8672 | D:12     | Noticed a cyclops
  8681 | D:12     | Killed a cyclops
  8948 | D:12     | Noticed an unseen horror
  9112 | D:12     | Noticed a deep elf pyromancer
  9126 | D:12     | Killed a deep elf pyromancer
  9173 | D:12     | Reached XP level 11. HP: 57/74 MP: 11/11
  9178 | D:12     | Reached skill level 11 in Stealth
  9191 | D:12     | HP: 2/74 [wraith (11)]
  9197 | D:12     | Mangled by a wraith

Illustrated notes

Levels and vault maps discovered:
D:1:      roderic_octagonal_star, layout_basic, st_stairs_11
D:2:      layout_basic, dreamdust_ecumenical_altar_grove, basic_altar,
          uniq_jessica
D:3:      layout_loops_ring, portal_sewer_entry_b
D:4:      layout_loops_ring, grunt_temple_overflow_octagram,
          nicolae_overflow_squiral, minmay_temple_entry_statues_fountains,
          uniq_crazy_yiuf_cottage
D:5:      layout_basic, good_gods_temple_1, nemelex_xobeh_ov_fountains_minmay,
          ebering_ghost_disaster_area
D:6:      kennysheep_big_flooded_room, layout_gridville,
          nicolae_ossuary_entry_giza, serial_shops, shop, uniq_edmund,
          uniq_eustachio, uniq_sigmund
D:7:      layout_loops_ring
D:8:      layout_basic, lair_entry_dummy, serial_shops, shop,
          minmay_fountain_box, serial_park_tiny_2
D:9:      layout_roguey
D:11:     layout_basic
D:12:     layout_loops_ring, gauntlet_entry_generic, serial_bayou,
          serial_bayou_crossing, serial_bayou_lake_a, serial_bayou_shore_b,
          serial_bayou_pond_b
Temple:   nicolae_temple_two_arcs

Skill      XL: |  1  2  3  4  5  6  7  8  9 10 11 |
---------------+----------------------------------+-----
Stealth        | 1 2 3 5 8 9 10 11 | 11.0
Long Blades    | 3 |  3.2
Short Blades   | 1 2 3 |  3.9
Throwing       | 1 2 3 4 |  4.1
Dodging        | 4 5 7 |  7.1
Fighting       | 4 5 6 |  6.5
Shields        | 4 5 |  5.4
Staves         | 1 2 3 |  3.0
Evocations     | 1 |  1.4
Ranged Weapons | 4 7 |  7.7

Action                     |  1- 3 |  4- 6 |  7- 9 | 10-12 || total
---------------------------+-------+-------+-------+-------++-------
  Melee: Long sword        |    30 |       |       |       ||    30
         Constrict         |    12 |    30 |    41 |     3 ||    86
         Dagger            |    24 |   145 |   136 |    38 ||   343
         Tentacles         |     7 |    32 |    42 |     8 ||    89
         Punch             |       |     1 |     3 |       ||     4
         Quarterstaff      |       |       |    41 |       ||    41
   Fire: Hand cannon       |       |       |    51 |    35 ||    86
  Throw: Dart              |       |     3 |     1 |     2 ||     6
         Throwing net      |       |     1 |     2 |       ||     3
         Stone             |       |       |    14 |       ||    14
         Boomerang         |       |       |     2 |       ||     2
  Evoke: Wand              |       |       |     9 |       ||     9
    Use: Scroll            |       |     4 |    16 |     1 ||    21
         Potion            |       |       |       |     3 ||     3
   Stab: Sleeping          |     6 |     5 |    30 |     9 ||    50
         Distracted        |       |     1 |       |       ||     1
         Held in net/web   |       |     1 |       |       ||     1
 Armour: Skin              |    13 |    63 |    70 |    26 ||   172
  Dodge: Dodged            |    34 |    91 |   106 |    29 ||   260
  Block: Buckler           |     9 |    30 |    33 |    19 ||    91

Table legend: (Time is in decaauts)
 A = Elapsed time spent in this place.
 B = Non-inter-level travel time spent in this place.
 C = Inter-level travel time spent in this place.
 D = Time resting spent in this place.
 E = Time spent auto-exploring this place.
 F = Levels seen in this place.
 G = Mean time per level.
                   A        B        C        D        E       F      G
               +--------+--------+--------+--------+--------+-----+--------+
         Total |   9242 |   8958 |    284 |    968 |   5213 |  14 |  660.1 |
       Dungeon |   8505 |   8222 |    283 |    930 |   5175 |  11 |  773.2 |
        Temple |     32 |     32 |      0 |      0 |      0 |   1 |   32.0 |
         Sewer |    566 |    566 |      0 |     38 |     38 |   1 |  566.0 |
       Ossuary |    137 |    137 |      0 |      0 |      0 |   1 |  137.0 |
               +--------+--------+--------+--------+--------+-----+--------+

Top non-repeatable levels by time:
     D:8: 1221 daAuts
     D:5: 1159 daAuts
     D:4: 1104 daAuts
     D:7: 983 daAuts
     D:3: 883 daAuts
    D:11: 768 daAuts
    D:12: 645 daAuts
     D:1: 587 daAuts
   Sewer: 566 daAuts
     D:6: 436 daAuts
     D:2: 363 daAuts
     D:9: 351 daAuts
 Ossuary: 137 daAuts
  Temple: 32 daAuts
